 Dungeon Crawl Stone Soup version 0.29-a0-299-g4c793a2ed2 (webtiles) character file.

Game seed: 6511636337547873692

18 Leszczynek the Chopper (level 2, 0/23 HPs)
             Began as a Human Gladiator on Mar 24, 2022.
             Slain by a kobold
             ... wielding a +0 short sword
              (2 damage)
             ... on level 1 of the Dungeon.
             The game lasted 00:03:24 (365 turns).

Leszczynek the Chopper (Human Gladiator)             Turns: 365, Time: 00:03:25

Health: 0/23       AC:  4    Str: 14    XL:     2   Next: 90%
Magic:  2/2        EV: 12    Int:  8    God:
Gold:   15         SH:  0    Dex: 14    Spells: 1/1 levels left

rFire   . . .      SeeInvis .   a - +0 war axe
rCold   . . .      Faith    .   (no shield)
rNeg    . . .      Spirit   .   b - +0 leather armour
rPois   .          Reflect  .   c - +0 helmet
rElec   .          Harm     .   (no cloak)
rCorr   .          Rampage  .   (no gloves)
Will    .....                   (no boots)
Stlth   +.........              (no amulet)
HPRegen 0.07/turn               (no ring)
MPRegen 0.08/turn               (no ring)

@: no status effects
A: no striking features
a: no special abilities


You were on level 1 of the Dungeon.
You visited 1 branch of the dungeon, and saw 2 of its levels.

You collected 15 gold pieces.

Inventory:

Hand Weapons
 a - a +0 war axe (weapon)
Missiles
 d - 2 throwing nets (quivered)
 e - a javelin
Armour
 b - a +0 leather armour (worn)
 c - a +0 helmet (worn)
Scrolls
 f - a scroll of brand weapon {unknown}
 h - a scroll of holy word {unknown}
 i - a scroll of teleportation {unknown}
Potions
 g - a potion of haste {unknown}


   Skills:
 * Level 2.5 Fighting
 * Level 3.3 Axes
 + Level 2.2 Throwing
 - Level 3.0 Dodging


You had one spell level left.
You didn't know any spells.
Your spell library contained the following spells:

 Spells                   Type           Power      Damage    Failure   Level
 Confusing Touch          Hex            0%         N/A       86%         3
 Yara's Violent Unravell  Hex/Tmut       0%         3d3       100%        5
 Enfeeble                 Hex            0%         N/A       100%        7


Dungeon Overview and Level Annotations

Branches:
Dungeon (2/15)

Altars:


Message History

A goblin comes into view. It is wielding a +0 club.
i - a scroll labelled KOZXEL XURETI The goblin shouts!
You closely miss the goblin. The goblin misses you.
You hit the goblin.
You kill the goblin!
You see here a +0 club.
There is a stone staircase leading down here.
You climb downwards.
Found a stone staircase leading up.
There is a stone staircase leading up here.
Unknown command.
The goblin shouts!
You slash the goblin!
You kill the goblin!
Things that are here:
a +0 dagger; a goblin corpse
There is a stone staircase leading up here.
You climb upwards.
The kobold shouts!
The frilled lizard hisses angrily.
The kobold hits you with a +0 short sword.
The kobold hits you but does no damage.
There is a stone staircase leading down here.
You completely miss the kobold.
The kobold hits you with a +0 short sword.
You miss the kobold.
The kobold hits you with a +0 short sword.
The kobold hits you but does no damage.
You barely miss the kobold. The kobold hits you but does no damage.
You closely miss the kobold.
The kobold hits you with a +0 short sword.
* * * LOW HITPOINT WARNING * * *
Throw: 3 throwing nets
Press: ? - help, Q - select action, (/) - cycle Shift-Dir - straight line, f - kobold
Aim: a kobold, wielding a +0 short sword (53% to hit)
You throw a throwing net.
The throwing net closely misses the kobold.
The throwing net misses the frilled lizard.
The kobold hits you with a +0 short sword.
You die...

###########
###...........(#
##.#.##########.#
##....# #.# #.....#
#.# ##....# #.#
......# #l# ###.###
#K# #.# #@# ##'##
### #.# ##...## #..
..# #.....## #.#
#####
.......###.##.##
........##.#...####
........'..........
........##.#...##
.......###.....#


You could see a kobold and a frilled lizard.

Vanquished Creatures
  A bat (D:1)
  3 endoplasms (D:1)
  A giant cockroach (D:1)
  A hobgoblin (D:1)
  3 ball pythons (D:1)
  2 frilled lizards (D:1)
  4 goblins
  2 kobolds (D:1)
17 creatures vanquished.

Notes
Turn   | Place    | Note
-------+----------+-------------------------------------------
     0 | D:1      | Leszczynek the Human Gladiator began the quest for the Orb.
     0 | D:1      | Reached XP level 1. HP: 16/16 MP: 1/1
   154 | D:1      | Reached XP level 2. HP: 10/22 MP: 2/2
   161 | D:1      | HP: 4/22 [kobold/+0 whip (2)]
   249 | D:1      | HP: 4/23 [endoplasm (3)]
   364 | D:1      | HP: 2/23 [kobold/+0 short sword (5)]
   365 | D:1      | Slain by a kobold

Illustrated notes

Levels and vault maps discovered:
D:1:      dpeg_arrival_houses_and_road, layout_loops_corners,
          shapermc_ecumenical_altar_mp_highgroup
D:2:      layout_basic, basic_altar, hangedman_abyss_or_decor_lesser_grid,
          uniq_robin

Action                   || total
-------------------------++-------
Melee: War axe           ||    42
       Punch             ||     1
Throw: Throwing net      ||     1
Armor: Leather armour    ||    12
Dodge: Dodged            ||    19

Table legend: (Time is in decaauts)
 A = Elapsed time spent in this place.
 B = Non-inter-level travel time spent in this place.
 C = Inter-level travel time spent in this place.
 D = Time resting spent in this place.
 E = Time spent auto-exploring this place.
 F = Levels seen in this place.
 G = Mean time per level.
                   A        B        C        D        E       F      G
               +--------+--------+--------+--------+--------+-----+--------+
         Total |    393 |    393 |      0 |      0 |      0 |   2 |  196.5 |
       Dungeon |    393 |    393 |      0 |      0 |      0 |   2 |  196.5 |
               +--------+--------+--------+--------+--------+-----+--------+

Top non-repeatable levels by time:
     D:1: 379 daAuts
     D:2: 14 daAuts
